 Dungeon Crawl Stone Soup version 0.31-a0-1074-g0b22e4e0f1 (console) character file.

Game seed: 9364152453903461409

235 RBrandon the Ruffian (level 5, 0/48 HPs)
             Began as a Troll Wanderer on Dec 6, 2023.
             Slain by Pikel
             ... wielding a +1 whip of freezing
              (3 damage)
             ... on level 3 of the Dungeon.
             The game lasted 00:08:40 (2076 turns).

RBrandon the Ruffian (Troll Wanderer)               Turns: 2076, Time: 00:08:41

Health: 0/48       AC:  4    Str: 19    XL:     5   Next: 76%
Magic:  5/5        EV:  9    Int: 10    God:
Gold:   111        SH:  0    Dex: 12    Spells: 5/6 levels left

rFire   + +          .
                       - Unarmed
rCold   + . .        (no shield)
rNeg    . . .        d - +0 robe
rPois   +            b - +0 hat
rElec   +            (no cloak)
rCorr   +            (gloves unavailable)
SInv    .            (boots unavailable)
Will    +....        (no amulet)
Stlth   ++           (no ring)
HPRegen 1.08/turn    (no ring)
MPRegen 0.09/turn

%: no passive effects
@: brilliant, resistant, enlightened, flying
A: large, unfitting armour, claws 3, regeneration 1, shaggy fur 1, tough skin 1,
clever 1, fire resistance 1, sense surroundings 1
a: no special abilities


You were on level 3 of the Dungeon.
You visited 1 branch of the dungeon, and saw 4 of its levels.

You collected 111 gold pieces.

Inventory:

Armour
 b - a +0 hat (worn)
 d - a +0 robe (worn)
Jewellery
 e - a ring of flight
Scrolls
 c - 2 scrolls of silence
 g - a scroll of teleportation {unknown}
 h - 3 scrolls of identify
 k - a scroll of vulnerability
Potions
 a - a potion of brilliance


   Skills:
 - Level 1.0 Fighting
 - Level 2.4 Short Blades
 - Level 2.1 Stealth
 + Level 5.7 Unarmed Combat
 - Level 1.0 Spellcasting
 - Level 1.0 Hexes


You had 5 spell levels left.
You knew the following spells:

 Your Spells              Type           Power      Damage    Failure   Level
a - Slow                  Hex            12%        N/A       22%         1

Your spell library contained the following spells:

 Spells                   Type           Power      Damage    Failure   Level
 Confusing Touch          Hex            3%         N/A       56%         3
 Gell's Gravitas          Tloc           0%         N/A       71%         3
 Teleport Other           Tloc           0%         N/A       71%         3
 Dispersal                Tloc           0%         N/A       100%        6


Dungeon Overview and Level Annotations

Branches:
Dungeon (4/15)
 Temple: D:4-7

Altars:

Annotations:
D:2 +2 cloak on yiuf, Crazy Yiuf
D:3 Pikel


Innate Abilities, Weirdness & Mutations

You are too large for most types of armour.
You have claws for hands.
Your natural rate of healing is unusually fast.
You are covered in fur. (AC +1)
You have tough skin. (AC +1)
Your mind is acute. (Int +4, Str/Dex -1)
Your flesh is heat resistant. (rF+)
You passively map a small area around you.


Message History

* * * LOW HITPOINT WARNING * * *
Pikel freezes you.
* * * LOW HITPOINT WARNING * * *
You claw Pikel!
Pikel is heavily wounded.
Pikel says, "You'll make a fine lemure."
Pikel hits you with a +1 whip of freezing.
* * * LOW HITPOINT WARNING * * *
Pikel freezes you.
* * * LOW HITPOINT WARNING * * *
You feel better. Pikel waves his whip at you.
Pikel hits you with a +1 whip of freezing!
* * * LOW HITPOINT WARNING * * *
Pikel freezes you.
* * * LOW HITPOINT WARNING * * *
It was a potion of resistance.
You feel protected.
Pikel hits you with a +1 whip of freezing.
* * * LOW HITPOINT WARNING * * *
Okay, then.
As you read the scroll labelled LELEBY QUTT, it crumbles to dust.
It is a scroll of identify.
k - a scroll of vulnerability Pikel hits you with a +1 whip of freezing.
* * * LOW HITPOINT WARNING * * *
Pikel freezes you.
* * * LOW HITPOINT WARNING * * *
You scratch Pikel.
Pikel is heavily wounded.
Pikel hits you with a +1 whip of freezing.
* * * LOW HITPOINT WARNING * * *
You completely miss Pikel.
Pikel is heavily wounded.
Pikel hits you but does no damage.
You claw Pikel!
Pikel is almost dead.
Pikel hits you with a +1 whip of freezing.
You die...
Pikel says, "See you in Hell!"

######## #......#
##############.####.#
#..............####.####
#.#...#..#####.##......#
#........#####.##.#.##.#
#...........##.##.#.##.#
#........##.##......##.#
#.#..÷...##.##.##.####.#
#......#K..........# #.#
#.####..@########.##
#.## #.#####.###.....###
#..# #......#.##>....#
##.# ####..###.#.....#
####.# #.#.#.##.....#
#..... #.##.###..†..#
#.##.# #.#### ###.###
#.#..# #.# #.# #.#.##
#.# ###.# #.#.## #.#
#...######..... #######
#.######.###........##


You could see Pikel.

Vanquished Creatures
  Jessica (D:2)
  Natasha (twice) (D:3)
  Terence (D:2)
  5 adders
  2 worms (D:3)
  A dart slug (D:1)
  An orc (D:3)
  7 bats
  8 endoplasms
  3 giant cockroaches
  4 goblins
  6 hobgoblins
  12 jackals
  7 quokkas
  7 ball pythons
  2 frilled lizards (D:1)
  6 kobolds
  5 rats
80 creatures vanquished.

Notes
Turn   | Place    | Note
-------+----------+-------------------------------------------
     0 | D:1      | RBrandon the Troll Wanderer began the quest for the Orb.
     0 | D:1      | RBrandon set off with the following items: a +2 short
                  | sword, a +0 hat, a scroll of silence, a +0 robe; and the
                  | following spell memorised: Slow; and the following spells
                  | available to memorise: Confusing Touch.
     0 | D:1      | Reached XP level 1. HP: 19/19 MP: 1/1
    33 | D:1      | Reached skill level 1 in Unarmed Combat
    61 | D:1      | Reached XP level 2. HP: 25/27 MP: 2/2
   110 | D:1      | Reached skill level 2 in Unarmed Combat
   296 | D:1      | Reached XP level 3. HP: 33/33 MP: 3/3
   492 | D:1      | Reached skill level 3 in Unarmed Combat
   834 | D:2      | Noticed Jessica
   847 | D:2      | Killed Jessica
   848 | D:2      | Reached skill level 4 in Unarmed Combat
   848 | D:2      | Reached XP level 4. HP: 27/41 MP: 4/4
   983 | D:2      | Found a runed translucent door.
   984 | D:2      | Noticed Crazy Yiuf
  1222 | D:2      | Noticed Terence
  1229 | D:2      | Killed Terence
  1230 | D:2      | Reached XP level 5. HP: 46/48 MP: 5/5
  1473 | D:3      | Found a faded altar of an unknown god.
  1570 | D:3      | Reached skill level 5 in Unarmed Combat
  1611 | D:3      | Noticed Natasha
  1619 | D:3      | Killed Natasha
  1922 | D:3      | Noticed Natasha
  1928 | D:3      | Killed Natasha
  2052 | D:4      | Noticed Pikel
  2052 | D:4      | Noticed a lemure
  2052 | D:4      | Noticed a lemure
  2066 | D:3      | Gained mutation: You passively map a small area around you.
                  | [potion of mutation]
  2066 | D:3      | Gained mutation: Your mind is acute. (Int +4, Str/Dex -1)
                  | [potion of mutation]
  2066 | D:3      | Gained mutation: Your flesh is heat resistant. (rF+)
                  | [potion of mutation]
  2073 | D:3      | HP: 2/48 [Pikel/+1 whip of freezing (1)]
  2076 | D:3      | Slain by Pikel

Illustrated notes

Levels and vault maps discovered:
D:1:      psy_arrival_radial01, layout_rooms
D:2:      layout_loops_ring, st_stairs_4, uniq_jessica, uniq_crazy_yiuf_cottage,
          uniq_terence
D:3:      layout_loops_cross, ebering_ecumenical_altar_webs, uniq_natasha
D:4:      layout_loops_cross, grunt_gozag_statues, lemuel_tele_altar, uniq_pikel

Skill      XL: |  1  2  3  4  5 |
---------------+----------------+-----
Unarmed Combat | 1 2 4 5 |  5.7
Fighting       | |  1.0
Short Blades   | |  2.4
Stealth        | |  2.1
Spellcasting   | |  1.0
Hexes          | |  1.0

Action                     |  1- 3 |  4- 6 || total
---------------------------+-------+-------++-------
  Melee: Short sword       |   186 |    14 ||   200
         Punch             |     3 |     4 ||     7
         Unarmed           |       |    78 ||    78
    Use: Potion            |       |     6 ||     6
         Scroll            |       |     1 ||     1
   Stab: Sleeping          |     6 |     6 ||    12
 Armour: Robe              |   127 |    65 ||   192
  Dodge: Dodged            |    74 |    29 ||   103

Table legend: (Time is in decaauts)
 A = Elapsed time spent in this place.
 B = Non-inter-level travel time spent in this place.
 C = Inter-level travel time spent in this place.
 D = Time resting spent in this place.
 E = Time spent auto-exploring this place.
 F = Levels seen in this place.
 G = Mean time per level.
                   A        B        C        D        E       F      G
               +--------+--------+--------+--------+--------+-----+--------+
         Total |   2055 |   1969 |     86 |      0 |   1484 |   4 |  513.8 |
       Dungeon |   2055 |   1969 |     86 |      0 |   1484 |   4 |  513.8 |
               +--------+--------+--------+--------+--------+-----+--------+

Top non-repeatable levels by time:
     D:2: 796 daAuts
     D:3: 631 daAuts
     D:1: 612 daAuts
     D:4: 14 daAuts

Levels and vault maps discovered:
D:1:      psy_arrival_radial01, layout_rooms
D:2:      layout_loops_ring, st_stairs_4, uniq_jessica, uniq_crazy_yiuf_cottage,
          uniq_terence
D:3:      layout_loops_cross, ebering_ecumenical_altar_webs, uniq_natasha
D:4:      layout_loops_cross, grunt_gozag_statues, lemuel_tele_altar, uniq_pikel

Table legend: (Time is in decaauts)
 A = Elapsed time spent in this place.
 B = Non-inter-level travel time spent in this place.
 C = Inter-level travel time spent in this place.
 D = Time resting spent in this place.
 E = Time spent auto-exploring this place.
 F = Levels seen in this place.
 G = Mean time per level.
                   A        B        C        D        E       F      G
               +--------+--------+--------+--------+--------+-----+--------+
         Total |   2055 |   1969 |     86 |      0 |   1484 |   4 |  513.8 |
       Dungeon |   2055 |   1969 |     86 |      0 |   1484 |   4 |  513.8 |
               +--------+--------+--------+--------+--------+-----+--------+

Top non-repeatable levels by time:
     D:2: 796 daAuts
     D:3: 631 daAuts
     D:1: 612 daAuts
     D:4: 14 daAuts

Table legend:
 A = Kills in this place as a percentage of kills in the entire game.
 B = Kills by you in this place as a percentage of kills by you in the entire game.
 C = Kills by friends in this place as a percentage of kills by friends in the entire game.
 D = Other kills in this place as a percentage of other kills in the entire game.
 E = Experience gained in this place as a percentage of experience gained in the entire game.
 F = Experience gained in this place divided by the number of levels of this place that you have seen.
                   A       B       C       D       E      F
               +-------+-------+-------+-------+-------+----------------------
         Total | 100.0 | 100.0 |   N/A |   N/A | 100.0 |  84.2
       Dungeon | 100.0 | 100.0 |   N/A |   N/A | 100.0 |  84.2
               +-------+-------+-------+-------+-------+----------------------
